Map: [ESL] Data-C

Players

gumiho

  • Race: Terran Terran
  • Spawn Location: 3:00

LiquidClem (Clem) - Winner!

  • Race: Terran Terran
  • League: Grandmaster
  • Spawn Location: 9:00

Event: HomeStory Cup XXII

VOD

Have the link to the VOD?

Description

Time

  • Played on: Dec. 17, 2022, 5:47 p.m.
  • Length: 28:19

All games in this series

Show
View Real Time Build Order
Export as new Build Order

gumiho Terran 

Build Orders: 2 Factory, Cyclone Opening 

Get SALT Encoding   

  12  0:00  SCV  
  13  0:12  SCV  
  14  0:18  Supply Depot  
  14  0:24  SCV  
  15  0:39  SCV  
  15  0:41  Barracks  
  16  0:45  Refinery  
  16  0:51  SCV  
  16  0:55  Refinery  
  17  1:03  SCV  
  18  1:16  SCV  
  19  1:28  Reaper, Orbital Command  
  20  1:40  Supply Depot  
  20  1:49  Factory  
  20  1:53  SCV  
  21  2:00  Reaper  
  22  2:06  SCV  
  23  2:18  SCV  
  24  2:30  SCV  
  24  2:33  Factory Tech Lab  
  24  2:36  Command Center  
  25  2:42  SCV  
  26  2:46  Supply Depot  
  26  2:54  SCV  
  26  2:55  Cyclone  
  30  3:02  Mag-Field Accelerator  
  30  3:06  SCV  
  31  3:12  Factory  
  31  3:18  SCV  
  32  3:27  Cyclone  
  32  3:31  Supply Depot  
  32  3:32  SCV  
  36  3:44  SCV  
  37  3:51  Orbital Command  
  37  3:54  Refinery  
  37  3:56  SCV, Refinery  
  37  4:01  Cyclone, Factory Tech Lab  
  41  4:08  SCV  
  42  4:16  Starport  
  42  4:18  SCV  
  42  4:20  SCV  
  42  4:23  Cyclone  
  47  4:30  SCV  
  48  4:32  SCV  
  48  4:34  Supply Depot  
  49  4:46  SCV x2  
  49  4:53  Cyclone, Liberator  
  49  4:58  SCV x2  
  55  5:10  SCV x2  
  57  5:18  Engineering Bay  
  57  5:22  SCV x2  
  57  5:24  Siege Tank  
  57  5:25  Siege Tank  
  65  5:34  SCV x2  
  67  5:38  Starport Reactor  
  67  5:49  SCV x2  
  69  5:53  Command Center  
  69  6:01  SCV  
  70  6:04  Supply Depot  
  70  6:07  SCV  
  70  6:08  Missile Turret  
  68  6:15  SCV  
  70  6:22  SCV  
  68  6:27  Supply Depot  
  68  6:28  SCV  
  68  6:31  Supply Depot  
  69  6:34  SCV  
  66  6:43  Siege Tank x2  
  71  6:48  SCV x2  
  73  6:56  Viking x2  
  73  7:00  SCV x2  
  79  7:08  Orbital Command  
  79  7:12  SCV x2  
  81  7:21  Siege Tank x2  
  87  7:24  SCV x2  
  87  7:25  Viking  
  87  7:26  Viking  
  93  7:35  Supply Depot, SCV  
  93  7:36  Supply Depot, SCV x2  
  96  7:47  SCV  
  96  7:48  SCV x2  
  99  7:55  Viking  
  99  7:56  Viking  
  99  7:57  Siege Tank x2  
  103  8:25  Viking  
  103  8:26  Viking  
  101  8:29  Hellion x2  
  100  8:40  SCV x2  
  99  8:43  SCV  
  99  8:45  Refinery  
  99  8:46  Refinery  
  99  8:48  Command Center  
  100  8:50  Siege Tank  
  100  8:51  Siege Tank  
  100  8:52  SCV x2  
  100  8:55  Viking x2, Sensor Tower, SCV  
  113  9:06  Missile Turret  
  113  9:07  Missile Turret  
  113  9:08  SCV x3, Missile Turret  
  116  9:14  Missile Turret x3  
  116  9:19  Barracks  
  116  9:20  SCV x3  
  119  9:24  Armory x2  
  119  9:28  Viking x2  
  123  9:32  SCV  
  123  9:37  Supply Depot  
  124  9:42  Missile Turret  
  124  9:45  SCV  
  125  9:58  Siege Tank x2  
  125  9:59  Viking x2  
  135  10:07  SCV x2  
  135  10:08  SCV  
  138  10:14  Factory  
  138  10:15  Terran Vehicle Weapons Level 1  
  138  10:16  Factory  
  138  10:17  Terran Vehicle And Ship Armor Level 1  
  138  10:21  Factory  
  136  10:36  Viking, Siege Tank x2  
  136  10:37  Viking  
  136  10:39  SCV x2  
  148  10:46  Planetary Fortress  
  148  10:47  Supply Depot  
  148  10:49  Supply Depot x2  
  148  10:51  Refinery x2  
  148  11:05  Factory Tech Lab x2, Factory Reactor  
  148  11:09  SCV  
  149  11:14  SCV x2  
  148  11:19  Siege Tank x2  
  154  11:26  Viking x2  
  153  11:44  SCV, Sensor Tower  
  153  11:45  SCV x2  
  153  11:46  Sensor Tower  
  156  11:59  Starport x2  
  156  12:00  Supply Depot x2  
  156  12:02  Supply Depot  
  156  12:03  Command Center  
  156  12:04  Command Center  
  156  12:06  Viking, Missile Turret x2  
  156  12:07  Command Center, Missile Turret, Viking  
  160  12:12  Terran Vehicle Weapons Level 2  
  160  12:13  Terran Vehicle And Ship Armor Level 2  
  160  12:23  Siege Tank x2  
  160  12:24  Siege Tank  
  167  12:30  Siege Tank  
  166  12:47  Starport Reactor  
  166  12:48  Starport Reactor  
  157  13:06  Thor x3  
  157  13:08  Thor  
  181  13:17  Orbital Command x2  
  177  13:38  Orbital Command  
  177  13:43  Viking x4  
  177  13:44  Viking, Missile Turret  
  177  13:45  Viking  
  183  13:53  Command Center  
  183  13:54  Drilling Claws  
  183  13:56  Smart Servos  
  183  14:13  Viking x5  
  183  14:15  Viking  
  192  14:21  Thor  
  192  14:23  Hellion  
  190  14:43  Thor  
  190  14:45  Hellion x2  
  200  14:48  Terran Vehicle Weapons Level 3, Terran Vehicle And Ship Armor Level 3  
  200  15:18  Viking  
  188  15:24  Thor  
  188  15:25  Thor  
  171  15:28  Thor x2  
  171  15:35  Viking x2  
  158  15:40  Hellion x2  
  146  15:48  Orbital Command  
  135  15:52  Orbital Command  
  135  15:56  Viking  
  122  15:57  Viking x2  
  122  15:59  Viking  
  122  16:01  Hellion x2  
  132  16:08  Hellion x2  
  136  16:11  Cyclone  
  139  16:21  Cyclone, Viking x2, Orbital Command  
  139  16:23  SCV x2  
  139  16:24  SCV x2  
  150  16:26  Viking, SCV  
  153  16:37  Medivac x3  
  155  16:44  Cyclone  
  158  16:48  Hellion x2  
  162  17:00  Missile Turret  
  162  17:04  Cyclone x3  
  170  17:10  Hellion x2  
  172  17:16  Cyclone  
  171  17:26  Planetary Fortress  
  169  17:31  Hellion x2  
  169  17:36  Cyclone, Hellion x2, Orbital Command  
  180  17:48  Hellion, Orbital Command  
  182  17:52  Hellion  
  182  17:53  Hellion  
  182  17:57  Thor  
  182  17:58  Hellion  
  186  18:06  Viking  
  186  18:07  Viking  
  186  18:08  Hellion  
  186  18:10  Hellion  
  194  18:14  Hellion x2, SCV  
  194  18:15  SCV  
  198  18:33  SCV x3  
  199  18:57  Cyclone x2  
  199  18:59  Cyclone  
  200  19:12  Refinery x2  
  194  19:21  Cyclone  
  176  19:28  Hellion x2  
  176  19:29  Cyclone x2  
  176  19:30  SCV x2  
  176  19:31  Cyclone, SCV  
  192  19:33  Infernal Pre-Igniter  
  190  19:40  Missile Turret x2  
  190  19:42  Missile Turret  
  190  19:49  Hellion x2  
  194  19:53  Cyclone  
  194  20:01  Cyclone x2  
  194  20:03  Hellion  
  191  20:10  Hellion  
  191  20:12  Hellion  
  191  20:14  Viking x2  
  197  20:15  Thor  
  199  20:27  Orbital Command  
  194  20:31  Viking x4  
  194  20:32  Hellion  
  198  20:44  Viking  
  200  20:53  Orbital Command  
  198  21:00  Viking  
  194  21:43  Cyclone x3  
  169  21:57  Thor  
  169  21:58  Viking x3  
  169  21:59  Viking x2, Barracks  
  123  22:12  Hellion  
  123  22:13  Hellion  
  123  22:15  Thor, Terran Ship Weapons Level 1  
  129  22:16  Hellion x2  
  131  22:28  Viking x2  
  136  22:34  Hellion x2  
  131  22:42  Siege Tank x2  
  131  22:43  Hellion  
  124  22:55  Hellion x2  
  124  22:58  Siege Tank  
  128  23:01  Liberator  
  128  23:04  Siege Tank  
  134  23:10  Orbital Command  
  134  23:15  Hellion x2  
  138  23:26  Hellion x2  
  139  23:30  Siege Tank  
  137  23:36  Hellion x2  
  125  23:43  Siege Tank  
  125  23:47  Viking, Hellion x2  
  131  23:57  Hellion, Siege Tank  
  138  24:02  Hellion  
  138  24:09  Hellion  
  140  24:16  Orbital Command  
  140  24:19  Siege Tank  
  140  24:21  Hellion x2  
  131  24:55  Siege Tank  
  131  24:58  Hellion x2  
  136  25:06  Viking x2  
  140  25:07  Hellion  
  140  25:08  Hellion x2  
  139  25:20  Hellion x2  
  143  25:27  Hellion  
  138  25:29  Hellion x2  
  138  25:32  Refinery  
  138  25:33  Refinery  
  138  25:35  Hellion  
  123  25:41  Hellion x2  
  106  25:44  Command Center  
  106  25:49  Hellion  
  104  25:50  Hellion x2  
  104  25:56  Hellion  
  106  26:20  Hellion x10  
  106  26:22  Orbital Command  
  106  26:23  Viking  
  83  26:37  Refinery  
  67  26:40  Viking  
  67  26:41  Refinery  
  67  26:45  Hellion  
  67  26:46  Hellion x4  
  74  26:47  Hellion  
  74  26:53  Refinery  
  72  26:54  SCV  
  72  26:56  Orbital Command  
  71  27:07  SCV, Hellion x4  
  71  27:08  Hellion x2  
  78  27:28  Hellion x2  
  78  27:29  Hellion x2  
  79  27:34  Hellion x2  
Show
View Real Time Build Order
Export as new Build Order

LiquidClem Terran - Winner!

Build Orders:  

Get SALT Encoding   

  12  0:00  SCV  
  13  0:12  SCV  
  14  0:16  Supply Depot  
  14  0:24  SCV  
  15  0:38  SCV  
  15  0:40  Barracks  
  16  0:43  Refinery  
  16  0:50  SCV  
  16  0:53  Refinery  
  17  1:02  SCV  
  18  1:14  SCV  
  19  1:27  Reaper, Orbital Command  
  19  1:32  Supply Depot  
  20  1:43  Factory  
  20  1:53  Bunker  
  20  1:55  SCV  
  20  2:00  Reaper  
  22  2:07  SCV  
  23  2:19  SCV  
  23  2:27  Hellion  
  25  2:35  Reaper  
  26  2:38  SCV  
  26  2:40  Command Center  
  27  2:49  Supply Depot, Widow Mine  
  29  2:52  SCV  
  29  2:58  Starport  
  30  3:04  SCV  
  31  3:09  Barracks Reactor  
  31  3:10  Factory Tech Lab  
  31  3:16  SCV  
  32  3:28  Cyclone, SCV  
  36  3:35  Refinery  
  36  3:37  Starport Tech Lab  
  36  3:40  SCV  
  37  3:45  Marine x2  
  39  3:52  SCV, Orbital Command  
  40  3:58  Banshee  
  42  4:04  SCV  
  42  4:08  Siege Tank  
  46  4:11  Marine x2  
  46  4:16  SCV  
  49  4:17  Supply Depot  
  49  4:21  SCV  
  50  4:29  SCV  
  53  4:33  SCV  
  54  4:41  Raven  
  54  4:43  SCV  
  54  4:45  SCV  
  56  4:48  Command Center  
  56  4:53  Siege Tank  
  56  4:55  SCV  
  56  4:57  SCV  
  59  5:02  Supply Depot  
  59  5:08  SCV  
  59  5:12  Barracks  
  59  5:14  SCV  
  61  5:15  Barracks  
  61  5:20  SCV  
  61  5:21  Supply Depot  
  62  5:23  Marine x2  
  62  5:25  Raven  
  66  5:30  Siege Tank  
  66  5:33  SCV  
  70  5:42  SCV, Marine x2  
  73  5:43  Supply Depot  
  73  5:45  SCV  
  74  5:54  SCV  
  74  5:56  Engineering Bay x2  
  75  5:57  SCV, Refinery  
  75  6:02  Siege Tank, Orbital Command  
  79  6:08  SCV  
  80  6:12  SCV  
  78  6:20  SCV, Stimpack  
  78  6:21  Marauder  
  78  6:22  Barracks Reactor x2  
  78  6:24  SCV  
  78  6:25  Orbital Command  
  82  6:27  Viking x2  
  82  6:32  SCV  
  87  6:35  Supply Depot  
  87  6:36  SCV  
  87  6:40  Siege Tank  
  87  6:44  SCV  
  87  6:46  Marine  
  90  6:48  SCV  
  90  6:50  SCV  
  90  6:53  Terran Infantry Weapons Level 1  
  92  6:55  Supply Depot  
  92  6:56  SCV  
  92  6:58  Marine  
  92  6:59  Marine x3  
  92  7:00  SCV, Terran Infantry Armor Level 1  
  98  7:02  Supply Depot  
  98  7:03  SCV  
  98  7:06  Marine  
  100  7:10  SCV  
  100  7:12  SCV  
  100  7:15  SCV  
  102  7:16  Marine  
  102  7:22  SCV  
  104  7:24  SCV  
  104  7:26  Refinery  
  104  7:27  Marine  
  104  7:28  Marine x2  
  104  7:29  Refinery  
  108  7:30  Siege Tank  
  108  7:34  SCV  
  108  7:35  Supply Depot, SCV, Barracks  
  108  7:36  Barracks, SCV  
  114  7:40  Medivac x2  
  118  7:45  Supply Depot  
  118  7:46  SCV  
  118  7:47  SCV  
  118  7:50  Marine  
  120  7:51  Supply Depot  
  120  7:56  Marine x2  
  120  7:57  Marine  
  112  8:11  Marauder, Marine  
  111  8:14  Marine  
  111  8:16  Medivac  
  111  8:17  Medivac, Marine  
  109  8:22  Siege Tank  
  109  8:25  Barracks Reactor, Barracks Tech Lab  
  109  8:26  SCV, Marine  
  109  8:27  Command Center  
  113  8:32  Marine x2  
  113  8:33  Marauder  
  114  8:37  Marine  
  115  8:45  Marauder, Marine  
  115  8:47  Armory  
  115  8:48  SCV x2  
  120  8:50  Viking x2, Marine x2  
  120  8:54  Marauder  
  128  8:56  Combat Shield  
  128  8:57  Concussive Shells  
  128  8:58  Supply Depot, Marine  
  128  9:02  Marine x2  
  131  9:05  Siege Tank  
  131  9:07  Marauder  
  136  9:13  SCV x2  
  136  9:14  Starport  
  136  9:15  SCV  
  139  9:17  Barracks Reactor  
  139  9:22  Marine x3  
  139  9:23  Supply Depot  
  141  9:25  SCV x2  
  141  9:30  SCV  
  144  9:33  Terran Infantry Weapons Level 2  
  144  9:34  Marine  
  144  9:37  SCV  
  144  9:38  Marauder  
  148  9:40  SCV  
  148  9:42  SCV  
  148  9:44  Siege Tank  
  153  9:49  SCV  
  153  9:51  Marauder  
  153  9:52  SCV  
  157  9:55  Viking  
  157  9:57  Refinery x2  
  85  10:00  Viking  
  159  10:02  Supply Depot  
  159  10:04  Viking  
  159  10:05  SCV  
  164  10:09  Orbital Command  
  164  10:10  SCV  
  164  10:11  SCV  
  166  10:15  Supply Depot  
  166  10:17  SCV  
  166  10:18  Terran Infantry Armor Level 2  
  166  10:20  Terran Ship Weapons Level 1  
  166  10:23  Viking  
  166  10:25  SCV  
  166  10:26  SCV  
  170  10:29  Marine  
  170  10:30  Viking  
  170  10:32  Viking  
  174  10:43  Command Center  
  174  10:44  Marine  
  174  10:46  Viking  
  175  10:53  Viking, Missile Turret  
  175  10:54  Sensor Tower  
  175  10:55  Sensor Tower  
  171  11:00  Viking  
  171  11:02  Marauder x2, Marine x3  
  174  11:18  Viking x2  
  177  11:23  Command Center, Marauder x2, Starport  
  178  11:27  Fusion Core  
  178  11:46  Liberator, Viking, Command Center  
  183  11:48  Viking  
  183  11:49  Refinery  
  183  11:52  Liberator, Missile Turret, Sensor Tower  
  183  11:53  Refinery  
  188  11:57  Armory  
  188  12:04  Starport Reactor  
  188  12:09  Starport  
  188  12:14  Advanced Ballistics  
  188  12:16  Terran Vehicle And Ship Armor Level 1, Viking, Missile Turret  
  190  12:22  Viking  
  190  12:29  Viking  
  192  12:35  Viking  
  192  12:36  Orbital Command x2  
  194  12:43  Viking x2  
  181  12:46  Viking  
  181  12:50  Starport Reactor  
  183  12:52  Viking  
  165  12:59  Viking  
  165  13:03  Marauder  
  165  13:04  Marauder  
  165  13:05  Viking, Siege Tank  
  169  13:11  Orbital Command  
  172  13:13  Viking x2  
  172  13:14  Terran Ship Weapons Level 2  
  172  13:16  Viking  
  172  13:18  Marine x5  
  172  13:19  Marine  
  184  13:22  Terran Infantry Weapons Level 3, Viking  
  183  13:29  Terran Infantry Armor Level 3  
  181  13:36  Viking x2  
  181  13:37  Viking x2  
  181  13:38  Siege Tank  
  165  13:43  Viking x2  
  165  13:46  Marauder x2, Marine  
  165  13:47  Marine  
  168  13:48  Marine  
  168  13:49  Marine x3  
  172  14:00  Liberator x2  
  178  14:06  Liberator, Barracks x2  
  178  14:08  Command Center, Marauder  
  183  14:15  Liberator x2, Marauder  
  188  14:20  Marine x2  
  188  14:22  Marine  
  188  14:23  Liberator  
  188  14:25  Liberator  
  188  14:28  Liberator  
  188  14:29  Marauder  
  188  14:30  Marine  
  182  14:36  Marauder  
  182  14:39  Cyclone  
  182  14:43  Liberator  
  177  14:46  Liberator  
  177  14:48  Marine  
  177  14:49  Marine x4  
  177  14:50  Liberator  
  177  14:51  Marauder  
  190  14:58  Liberator, Marauder  
  193  15:08  Liberator  
  193  15:11  Cyclone  
  193  15:12  Marauder  
  193  15:13  Marine x2  
  193  15:19  Marauder  
  181  15:24  Liberator  
  171  15:33  Viking x2, Marauder  
  171  15:34  SCV  
  153  15:40  Marauder, Marine  
  153  15:41  Marine x2  
  153  15:42  Viking x2  
  147  15:48  Liberator  
  135  15:55  Marauder  
  135  15:57  Orbital Command  
  135  16:02  Marauder  
  135  16:03  Marine x3  
  139  16:04  Orbital Command  
  139  16:16  Marauder  
  139  16:17  Orbital Command  
  141  16:23  Marauder  
  138  16:33  SCV  
  138  16:42  Viking  
  138  16:46  Liberator  
  143  16:50  Liberator  
  146  16:57  Liberator  
  148  17:02  SCV x4  
  151  17:12  Refinery  
  151  17:13  Liberator, Refinery  
  151  17:14  SCV  
  155  17:15  SCV  
  155  17:16  SCV x2  
  155  17:20  Viking  
  160  17:26  SCV  
  161  17:32  Command Center  
  161  17:37  Liberator  
  154  17:41  Marauder  
  154  17:42  Marauder, Marine x4  
  165  17:52  Viking  
  160  17:59  Liberator  
  160  18:01  Viking x2  
  160  18:03  Marauder x2, Marine x3  
  160  18:04  Marine  
  166  18:10  Marine  
  167  18:17  Siege Tank  
  168  18:24  SCV, Marauder x2, Marine  
  168  18:25  SCV  
  168  18:27  SCV x2, Marine  
  169  18:32  Liberator  
  172  18:37  SCV  
  172  18:39  SCV  
  174  18:46  Marauder x2  
  174  18:47  SCV  
  177  18:55  SCV  
  175  18:58  SCV  
  171  19:03  Siege Tank  
  171  19:04  Barracks Tech Lab  
  171  19:05  SCV  
  171  19:07  Marauder x2  
  171  19:08  Medivac x2  
  171  19:09  Marine x2  
  184  19:10  Marine  
  184  19:11  Marine  
  184  19:12  SCV, Marine  
  185  19:19  Marine  
  185  19:22  SCV x2  
  176  19:28  Marauder  
  176  19:29  SCV  
  176  19:30  Marauder x2  
  179  19:34  SCV  
  175  19:42  Siege Tank, Marine x2  
  175  19:43  Marine  
  177  19:51  Marauder x2  
  181  19:54  Orbital Command  
  181  19:57  Marauder, Marine  
  181  19:58  Marine  
  180  20:02  SCV, Marine  
  175  20:13  Marauder, Marine  
  175  20:14  Marauder  
  180  20:16  SCV  
  180  20:18  SCV  
  180  20:19  Marauder  
  182  20:23  Orbital Command  
  182  20:27  SCV  
  181  20:34  SCV  
  181  20:35  SCV  
  181  20:40  Marauder x2  
  181  20:42  Marauder  
  182  20:43  SCV  
  182  20:46  SCV  
  182  20:48  Siege Tank  
  182  20:49  SCV  
  188  20:54  Marine x2  
  190  21:01  Marauder  
  190  21:02  Marauder  
  190  21:03  SCV  
  195  21:04  SCV  
  195  21:10  SCV x2  
  195  21:11  Supply Depot  
  195  21:15  Refinery  
  195  21:17  Refinery  
  195  21:22  Marauder  
  195  21:27  Marauder  
  195  21:30  SCV x3  
  195  21:33  Siege Tank  
  194  21:48  SCV x4  
  163  21:55  Marauder  
  163  21:56  Liberator x2  
  163  21:58  Marine  
  163  22:00  SCV x4  
  147  22:02  Marine  
  147  22:04  Marine x2  
  147  22:05  Marine  
  143  22:11  Marauder  
  143  22:12  SCV x2  
  144  22:16  Siege Tank  
  144  22:19  Marauder  
  147  22:26  Marauder, Marine  
  147  22:28  Marine x2  
  150  22:32  Medivac  
  150  22:33  Marine x3  
  150  22:38  Medivac  
  150  22:43  Marine  
  153  22:48  Siege Tank  
  156  22:52  Marauder x2  
  158  23:06  Marauder  
  158  23:07  Marine x2  
  159  23:13  Command Center  
  159  23:14  Marauder x2  
  159  23:16  Medivac  
  165  23:22  Marine  
  165  23:25  Marine  
  165  23:26  Siege Tank  
  161  23:28  Marauder  
  161  23:29  SCV  
  164  23:35  Liberator x2, Marauder  
  164  23:37  Viking  
  164  23:40  Viking  
  173  23:45  Viking  
  175  23:49  Viking  
  175  23:55  Liberator  
  180  24:00  Marine  
  180  24:02  Marauder x2  
  187  24:03  Marauder  
  187  24:05  Marine x3  
  175  24:17  SCV  
  175  24:18  SCV  
  175  24:23  Marauder  
  175  24:24  Marauder x2  
  181  24:30  Planetary Fortress  
  181  24:35  SCV  
  181  24:36  SCV  
  181  24:37  SCV x2  
  175  24:47  SCV, Marauder x2, Marine  
  178  24:54  Marauder  
  177  25:00  Liberator  
  177  25:03  Liberator  
  183  25:08  Liberator  
  183  25:12  Liberator  
  189  25:16  Liberator  
  189  25:20  Liberator  
  192  25:26  Viking  
  189  25:34  Marauder  
  189  25:35  Marine x2  
  148  25:36  Marauder, Marine  
  138  25:43  Viking, SCV  
  138  25:46  Liberator  
  138  25:49  SCV x2  
  137  25:58  SCV, Marauder x2  
  138  26:05  SCV  
  138  26:08  Marauder  
  138  26:10  SCV x2  
  130  26:21  Marauder  
  130  26:25  Orbital Command  
  128  26:27  Marauder  
  127  26:33  Marauder  
  127  26:39  SCV  
  125  26:48  Marine  
  124  27:02  Siege Tank  
  124  27:03  Viking  
  124  27:04  SCV  
  124  27:08  SCV  
  127  27:11  SCV  
  127  27:12  SCV  
  127  27:13  SCV  
  127  27:16  SCV  
  127  27:22  Marauder, Marine  
  124  27:26  Marauder  
  124  27:29  Marine  
  120  27:34  SCV x2  
  120  27:36  SCV  
  111  27:45  SCV x2  
  111  27:46  SCV  
  106  27:51  SCV  
  106  27:52  SCV  
  106  27:55  Marauder  
  109  28:01  SCV  
  109  28:03  SCV  
Tags
 
Add a new tag
Caveats
  • Supply blocks, unpowered buildings, or Contaminate may cause inaccurate times.
  • Supply counts are checked every 10 seconds.